 Dungeon Crawl Stone Soup version 0.20.2-3-g29329e0561 (webtiles) character file.

3224 Alfie the Slicer (level 9, -10/78 HPs)
             Began as a Hill Orc Fighter on Oct 4, 2022.
             Mangled by a two-headed ogre
             ... wielding a +0 giant spiked club
              (20 damage)
             ... on level 9 of the Dungeon.
             The game lasted 00:17:14 (5341 turns).

Alfie the Slicer (Hill Orc Fighter)                 Turns: 5341, Time: 00:17:14

Health: -10/78     AC: 11    Str: 22    XL:     9   Next: 98%
Magic:  9/9        EV:  9    Int:  8    God:
Gold:   411        SH: 11    Dex: 10    Spells: 8/8 levels left

rFire    . . .     SeeInvis .   a - +3 rapier
rCold    . . .     Gourm    .   c - +0 shield
rNeg     . . .     Faith    .   b - +0 scale mail
rPois    .         Spirit   .   (no helmet)
rElec    .         Reflect  .   g - +1 cloak
rCorr    .         Harm     .   (no gloves)
MR       .....                  n - +0 pair of boots
Stlth    ..........             (no amulet)
Regen    0.3/turn               (no ring)
MPRegen  0.2/turn               (no ring)

@: no status effects
A: no striking features
a: no special abilities


You were on level 9 of the Dungeon.
You were not hungry.

You visited 1 branch of the dungeon, and saw 9 of its levels.

You collected 411 gold pieces.

Inventory:

Hand Weapons
 a - a +3 rapier (weapon)
 i - a +0 whip of freezing
Missiles
 F - 2 tomahawks (quivered)
Armour
 b - a +0 scale mail (worn)
 c - a +0 shield (worn)
 g - a +1 cloak (worn)
 n - a +0 pair of boots (worn)
Jewellery
 s - an uncursed amulet of the gourmand
 y - an uncursed ring of stealth {unknown}
Wands
 e - a wand of enslavement (10/24)
 r - a wand of polymorph (14/24)
 v - a wand of random effects (23/48)
 C - a wand of paralysis (6/24)
 G - a wand of polymorph (9/24)
Scrolls
 o - a scroll of amnesia {unknown}
 p - 2 scrolls of enchant weapon
 q - 11 scrolls of identify
 w - a scroll of blinking
 z - a scroll of magic mapping
 A - 4 scrolls of remove curse
Potions
 d - 2 potions of might
 j - a potion of flight
 k - 2 potions of haste
 t - a potion of lignification {unknown}
 u - a potion of brilliance
 x - 2 potions of agility {unknown}
 B - 2 potions of curing {unknown}
 D - a potion of cancellation {unknown}
 E - a potion of mutation {unknown}
Comestibles
 f - 4 bread rations
 h - a royal jelly
 l - 8 meat rations
 m - 2 fruits


   Skills:
 + Level 6.7 Fighting
 + Level 9.3 Short Blades
 + Level 6.8 Armour
 + Level 3.0 Dodging
 + Level 0.5 Stealth
 + Level 7.4 Shields


You had 8 spell levels left.
You didn't know any spells.

Dungeon Overview and Level Annotations

Branches:
Dungeon (9/15)             Temple (0/1) D:7
   Lair: D:8-11         Orc: D:9-12

Altars:
Hepliaklqana
Kikubaaqudgha
Makhleb
Nemelex Xobeh
Qazlal
Ru
Vehumet
Yredelemnul
Zin
The Shining One

Shops:
D:6 ((}   D:8 [

Annotations:
D:4 Alfie's ghost, amateur HOFi; Dowan; Duvessa


Message History

Found a scroll labeled XOPIATZAHOFF.
There is a stone staircase leading up here.
There is a stone staircase leading up here.
Throwing (i - inventory):
F - 3 tomahawks (quivered)
Press: ? - help, Shift-Dir - straight line, f - two-headed ogre
Aim: a two-headed ogre, wielding a giant spiked club and a giant club You throw a tomahawk.
The tomahawk hits the two-headed ogre.
The two-headed ogre is lightly wounded.
You puncture the two-headed ogre!
The two-headed ogre is moderately wounded.
You hit the two-headed ogre but do no damage.
The two-headed ogre is moderately wounded.
The two-headed ogre hits you with a giant spiked club!!
The two-headed ogre hits you with a giant club!
* * * LOW HITPOINT WARNING * * *
You hit the two-headed ogre.
The two-headed ogre is moderately wounded.
You block the two-headed ogre's attack.
The two-headed ogre hits you with a giant club!!
You die...

#.......
#..?...
#..⌠..#
.....#
..O.. #
#..#
#.#####.#
#..@O(<.#
#########


You could see a two-headed ogre.

Vanquished Creatures
  The ghost of Alfie the Cutter, a novice HOFi (D:7)
  A hungry ghost (D:8)
  A wyvern (D:6)
  2 sky beasts
  A necrophage (D:6)
  3 ogres
  A centaur (D:6)
  A big kobold (D:8)
  7 bullfrogs
  A wyvern zombie (D:8)
  A scorpion (D:4)
  4 wights (D:8)
  5 crimson imps
  6 hounds
  5 orc wizards
  An orc priest (D:5)
  A bullfrog skeleton (D:8)
  An iguana (D:4)
  Ijyb (D:4)
  6 worker ants
  2 hound zombies
  7 adders
  A shadow imp (D:5)
  2 oozes
  2 worms
  2 dart slugs
  2 leopard geckos
  19 orcs
  6 bats
  4 giant cockroaches
  20 goblins
  5 hobgoblins
  17 jackals
  11 kobolds
  2 quokkas
  A ball python (D:1)
  4 frilled lizards
  3 rats
160 creatures vanquished.

Vanquished Creatures (others)
  An orc (D:8)
1 creature vanquished.

Grand Total: 161 creatures vanquished

Notes
Turn   | Place    | Note
-------+----------+-------------------------------------------
     0 | D:1      | Alfie the Hill Orc Fighter began the quest for the Orb.
     0 | D:1      | Reached XP level 1. HP: 19/19 MP: 1/1
    80 | D:1      | Reached XP level 2. HP: 25/27 MP: 2/2
   429 | D:1      | Reached XP level 3. HP: 33/33 MP: 3/3
  1175 | D:3      | Reached XP level 4. HP: 39/40 MP: 4/4
  1215 | D:3      | Reached skill level 3 in Short Blades
  1586 | D:3      | Found a sacrificial altar of Ru.
  1828 | D:4      | Reached XP level 5. HP: 46/46 MP: 5/5
  1949 | D:4      | Reached skill level 4 in Short Blades
  1960 | D:4      | Noticed Ijyb
  1979 | D:4      | Killed Ijyb
  2062 | D:4      | Reached XP level 6. HP: 52/52 MP: 6/6
  2088 | D:4      | Noticed Dowan
  2145 | D:4      | Noticed Duvessa
  2167 | D:4      | Noticed Alfie's ghost (amateur HOFi)
  2180 | D:5      | Entered Level 5 of the Dungeon
  2214 | D:5      | Found a hazy altar of Hepliaklqana.
  2221 | D:5      | Found an ancient bone altar of Kikubaaqudgha.
  2224 | D:5      | Found a stormy altar of Qazlal.
  2238 | D:5      | Found a glowing silver altar of Zin.
  2513 | D:5      | Reached skill level 5 in Shields
  2576 | D:5      | Reached skill level 1 in Dodging
  2745 | D:5      | Reached skill level 5 in Short Blades
  2745 | D:5      | Reached XP level 7. HP: 52/60 MP: 7/7
  2999 | D:6      | Reached skill level 5 in Fighting
  3117 | D:6      | Reached skill level 6 in Short Blades
  3117 | D:6      | Reached XP level 8. HP: 60/68 MP: 8/8
  3172 | D:6      | Reached skill level 5 in Armour
  3208 | D:6      | Found Foejurao's Weapon Emporium.
  3210 | D:6      | Found Uvaarour's Antique Weapon Emporium.
  3468 | D:6      | Found Zeriam's Gadget Emporium.
  3666 | D:6      | Found a sparkling altar of Nemelex Xobeh.
  3666 | D:6      | Found a radiant altar of Vehumet.
  3981 | D:7      | Noticed a wyvern
  4002 | D:6      | Killed a wyvern
  4002 | D:6      | Reached skill level 7 in Short Blades
  4202 | D:7      | Reached XP level 9. HP: 21/74 MP: 9/9
  4227 | D:7      | Noticed Alfie's ghost (novice HOFi)
  4252 | D:7      | Killed Alfie's ghost
  4252 | D:7      | Reached skill level 8 in Short Blades
  4302 | D:7      | Found a staircase to the Ecumenical Temple.
  4672 | D:8      | Found Pun Palu's Antique Armour Shop.
  4758 | D:8      | Found a basalt altar of Yredelemnul.
  4762 | D:8      | Found a glowing golden altar of the Shining One.
  4768 | D:8      | Noticed an angel
  4774 | D:8      | Reached skill level 9 in Short Blades
  4826 | D:8      | Noticed a profane servitor
  5043 | D:8      | Found a burning altar of Makhleb.
  5332 | D:9      | Noticed a two-headed ogre
  5341 | D:9      | Mangled by a two-headed ogre

Skill      XL: |  1  2  3  4  5  6  7  8  9 |
---------------+----------------------------+-----
Fighting       | 4 5 6 |  6.7
Shields        | 4 5 6 7 |  7.4
Short Blades   | 3 4 5 6 7 9 |  9.3
Armour         | 4 5 6 |  6.8
Dodging        | 1 2 3 |  3.0
Stealth        | |  0.5

Action                   |  1- 3 |  4- 6 |  7- 9 || total
-------------------------+-------+-------+-------++-------
Melee: Rapier            |   143 |   196 |   433 ||   772
Throw: Tomahawk          |       |       |     1 ||     1
  Use: Scroll            |     4 |     8 |       ||    12
       Potion            |       |     3 |     3 ||     6
  Eat: Bread ration      |     1 |       |       ||     1
       Meat ration       |       |     1 |     1 ||     2
       Royal jelly       |       |       |     2 ||     2
Armor: Scale mail        |    77 |   100 |   139 ||   316
Dodge: Dodged            |    45 |    58 |   106 ||   209
Block: Shield            |    66 |    99 |   170 ||   335
